| TOP OF THE 1ST |
|
Springfield Cardinals batting - Pitching for San Antonio Missions : LHP Leonor Bem
|
|
Pitching: LHP Leonor Bem
|
|
|
Batting: RHB Dave Cluster
|
0-0: Ball 1-0: Ground out 6-3 (Groundball, 6S, EV 82.5 MPH)
|
|
Batting: RHB Klaas Meij
|
0-0: Ball 1-0: Reached on error, E5 (Groundball, 56, EV 80.6 MPH)
|
|
Batting: RHB Josh Lyon
|
0-0: Called Strike 0-1: Ball 1-1: Ball 2-1: Grounds into double play, 5-4-3 (Groundball, 56, EV 82.5 MPH)
|
| Top of the 1st over - 0 runs, 0 hits, 1 error, 0 left on base; Springfield 0 - San Antonio 0 |
| BOTTOM OF THE 1ST |
|
San Antonio Missions batting - Pitching for Springfield Cardinals : RHP Dantae Elizondo
|
|
Pitching: RHP Dantae Elizondo
|
|
|
Batting: LHB Tsutomu Miyahara
|
0-0: Foul Ball, location: 2F 0-1: Ball 1-1: Called Strike 1-2: Fly out, F8 (Flyball, 8LD, EV 84.4 MPH)
|
|
Batting: LHB Ryan Flynn Jr.
|
0-0: Swinging Strike 0-1: Ball 1-1: Swinging Strike 1-2: Ground out 4-3 (Groundball, 4, EV 81.9 MPH)
|
|
Batting: LHB Conrad Taylor
|
0-0: Ball 1-0: Ball 2-0: Foul Ball, location: 2F 2-1: Foul Ball, location: 2F 2-2: Ball 3-2: Ground out 4-3 (Groundball, 4, EV 91.3 MPH)
|
| Bottom of the 1st over - 0 runs, 0 hits, 0 errors, 0 left on base; Springfield 0 - San Antonio 0 |
| TOP OF THE 2ND |
|
Springfield Cardinals batting - Pitching for San Antonio Missions : LHP Leonor Bem
|
|
Batting: RHB David Fernandez
|
0-0: Ball 1-0: Called Strike 1-1: Swinging Strike 1-2: Ball 2-2: Foul Ball, location: 2F 2-2: Foul Ball, location: 2F 2-2: Ball 3-2: Ground out 6-3 (Groundball, 6, EV 103.1 MPH)
|
|
Batting: RHB Jason Keller
|
0-0: Foul Ball, location: 2F 0-1: Ball 1-1: Swinging Strike 1-2: Foul Ball, location: 2F 1-2: Ball 2-2: Ball 3-2: Base on Balls
|
|
Batting: LHB Chris Raymond
|
0-0: Ball 1-0: Foul Ball, location: 2F 1-1: Ball 2-1: Fielders Choice at 2nd, 4-6 (Groundball, 4M, EV 95.6 MPH)
|
|
Batting: RHB John Parra
|
0-0: Fielders Choice at 2nd, 5-4 (Groundball, 56, EV 91.9 MPH)
|
| Top of the 2nd over - 0 runs, 0 hits, 0 errors, 1 left on base; Springfield 0 - San Antonio 0 |
| BOTTOM OF THE 2ND |
|
San Antonio Missions batting - Pitching for Springfield Cardinals : RHP Dantae Elizondo
|
|
Batting: LHB Javy Portela
|
0-0: Ball 1-0: Ball 2-0: Foul Ball, location: 2F 2-1: Ball 3-1: Ground out 4-3 (Groundball, 4, EV 106.9 MPH)
|
|
Batting: RHB Kyle Davis
|
0-0: Ball 1-0: SINGLE (Groundball, 5S, EV 73.8 MPH) (infield hit)
|
|
Batting: LHB Corey Lewis
|
0-0: Called Strike 0-1: Swinging Strike 0-2: Ball 1-2: Ball 2-2: Ball 3-2: SINGLE (Groundball, 4S, EV 63.8 MPH) (infield hit) Kyle Davis to second
|
|
Batting: LHB Alejandro Matos
|
0-0: Ball 1-0: Ball 2-0: SINGLE (Groundball, 34D, EV 98.8 MPH) Kyle Davis to third Corey Lewis to second
|
|
Batting: LHB Josh Slusarczyk
|
0-0: Ball 1-0: Ball 2-0: Foul Ball, location: 2F 2-1: Ball 3-1: Fly out, F6 (Popup, 4MD, EV 54.4 MPH)
|
|
Batting: SHB Ryohei Nakano
|
0-0: Ball 1-0: Ground out U3 (Groundball, 3S, EV 83.1 MPH)
|
| Bottom of the 2nd over - 0 runs, 3 hits, 0 errors, 3 left on base; Springfield 0 - San Antonio 0 |
| TOP OF THE 3RD |
|
Springfield Cardinals batting - Pitching for San Antonio Missions : LHP Leonor Bem
|
|
Batting: SHB Josh Conner
|
0-0: Ball 1-0: Foul Ball, location: 2F 1-1: Called Strike 1-2: SINGLE (Groundball, 15S, EV 73.8 MPH) (infield hit)
|
|
Batting: LHB Robert Rauda
|
0-0: Ball 1-0: Ball 2-0: Called Strike 2-1: Foul Ball, location: 2F 2-2: Foul Ball, location: 2F 2-2: Fly out, F5 (Popup, 5, EV 66.9 MPH)
|
|
Batting: RHB Dave Cluster
|
0-0: Fielders Choice at 2nd, 5-4 (Groundball, 56, EV 87.5 MPH)
|
|
Batting: RHB Klaas Meij
|
0-0: Called Strike 0-1: Ball 1-1: Ball 2-1: Called Strike 2-2: Ball 3-2: SINGLE (Line Drive, 7LS, EV 93.8 MPH) Dave Cluster to second Dave Cluster to third
|
|
Batting: RHB Josh Lyon
|
0-0: Ball 1-0: Foul Ball, location: 2F 1-1: Ball 2-1: Swinging Strike 2-2: Ball 3-2: Foul Ball, location: 2F 3-2: Strikes out looking
|
| Top of the 3rd over - 0 runs, 2 hits, 0 errors, 2 left on base; Springfield 0 - San Antonio 0 |
| BOTTOM OF THE 3RD |
|
San Antonio Missions batting - Pitching for Springfield Cardinals : RHP Dantae Elizondo
|
|
Batting: LHB Tsutomu Miyahara
|
0-0: Ball 1-0: Called Strike 1-1: Fly out, F6 (Popup, 6MS, EV 78.8 MPH)
|
|
Batting: LHB Ryan Flynn Jr.
|
0-0: Called Strike 0-1: Ball 1-1: DOUBLE (Line Drive, 78XD, EV 108.1 MPH)
|
|
Batting: LHB Conrad Taylor
|
0-0: Foul Ball, location: 2F 0-1: Swinging Strike 0-2: Ball 1-2: Ball 2-2: SINGLE (Groundball, 56D, EV 96.3 MPH) Ryan Flynn Jr. to third Runner from 3rd tries for Home, SAFE, throw by LF to home
|
|
Batting: LHB Javy Portela
|
0-0: Ball 1-0: Ball 2-0: Fly out, F4 (Flyball, 34D, EV 83.1 MPH)
|
|
Batting: RHB Kyle Davis
|
0-0: Ball 1-0: Ball 2-0: Called Strike 2-1: Foul Ball, location: 2F 2-2: Strikes out swinging
|
| Bottom of the 3rd over - 1 run, 2 hits, 0 errors, 1 left on base; Springfield 0 - San Antonio 1 |
| TOP OF THE 4TH |
|
Springfield Cardinals batting - Pitching for San Antonio Missions : LHP Leonor Bem
|
|
Batting: RHB David Fernandez
|
0-0: Ground out U3 (Groundball, 34S, EV 83.8 MPH)
|
|
Batting: RHB Jason Keller
|
0-0: Ball 1-0: Ball 2-0: Foul Ball, location: 2F 2-1: Foul Ball, location: 2F 2-2: Strikes out swinging
|
|
Batting: LHB Chris Raymond
|
0-0: Called Strike 0-1: Ball 1-1: SINGLE (Groundball, 34D, EV 107.5 MPH)
|
|
Batting: RHB John Parra
|
0-0: Fly out, F8 (Flyball, 8RM, EV 95.6 MPH)
|
| Top of the 4th over - 0 runs, 1 hit, 0 errors, 1 left on base; Springfield 0 - San Antonio 1 |
| BOTTOM OF THE 4TH |
|
San Antonio Missions batting - Pitching for Springfield Cardinals : RHP Dantae Elizondo
|
|
Batting: LHB Corey Lewis
|
0-0: Ball 1-0: Ball 2-0: Called Strike 2-1: Fly out, F8 (Line Drive, 8LM, EV 110.6 MPH)
|
|
Batting: LHB Alejandro Matos
|
0-0: Ball 1-0: Called Strike 1-1: Foul Ball, location: 2F 1-2: Fly out, F1 (Line Drive, P, EV 68.1 MPH)
|
|
Batting: LHB Josh Slusarczyk
|
0-0: Called Strike 0-1: Ball 1-1: Ball 2-1: Swinging Strike 2-2: Ball 3-2: Strikes out looking
|
| Bottom of the 4th over - 0 runs, 0 hits, 0 errors, 0 left on base; Springfield 0 - San Antonio 1 |
| TOP OF THE 5TH |
|
Springfield Cardinals batting - Pitching for San Antonio Missions : LHP Leonor Bem
|
|
Batting: SHB Josh Conner
|
0-0: Ball 1-0: Ball 2-0: Ball 3-0: Base on Balls
|
|
Batting: LHB Robert Rauda
|
0-0: Ground out U3 (Groundball, 3, EV 85.0 MPH) Josh Conner to second
|
|
Batting: RHB Dave Cluster
|
0-0: Called Strike 0-1: Called Strike 0-2: Strikes out swinging
|
|
Batting: RHB Klaas Meij
|
0-0: Ball 1-0: Ball 2-0: Ball 3-0: Ground out 6-3 (Groundball, 6, EV 85.6 MPH)
|
| Top of the 5th over - 0 runs, 0 hits, 0 errors, 1 left on base; Springfield 0 - San Antonio 1 |
| BOTTOM OF THE 5TH |
|
San Antonio Missions batting - Pitching for Springfield Cardinals : RHP Dantae Elizondo
|
|
Batting: SHB Ryohei Nakano
|
0-0: Ball 1-0: Ball 2-0: Called Strike 2-1: TRIPLE (Flyball, 89XD, EV 91.9 MPH)
|
|
Batting: LHB Tsutomu Miyahara
|
0-0: Squeeze Bunt to 15 - play home, runner scores, batter safe! Ryohei Nakano scores
|
|
Batting: LHB Ryan Flynn Jr.
|
0-0: Ball Tsutomu Miyahara is caught stealing 2nd base 2-6 1-0: Ball 2-0: SINGLE (Groundball, 6MD, EV 101.9 MPH)
|
|
Batting: LHB Conrad Taylor
|
0-0: Foul Ball, location: 2F 0-1: Foul Ball, location: 2F 0-2: Ball 1-2: Grounds into double play, 3-6-3 (Groundball, 3, EV 110.0 MPH)
|
| Bottom of the 5th over - 1 run, 2 hits, 0 errors, 0 left on base; Springfield 0 - San Antonio 2 |
| TOP OF THE 6TH |
|
Springfield Cardinals batting - Pitching for San Antonio Missions : LHP Leonor Bem
|
|
Batting: RHB Josh Lyon
|
0-0: Called Strike 0-1: Ground out 5-3 (Groundball, 56, EV 93.1 MPH)
|
|
Batting: RHB David Fernandez
|
0-0: Called Strike 0-1: Foul Ball, location: 2F 0-2: Ball 1-2: Fly out, F9 (Flyball, 9LD, EV 92.5 MPH)
|
|
Batting: RHB Jason Keller
|
0-0: Ball 1-0: Ground out 4-3 (Groundball, 34, EV 102.5 MPH)
|
| Top of the 6th over - 0 runs, 0 hits, 0 errors, 0 left on base; Springfield 0 - San Antonio 2 |
| BOTTOM OF THE 6TH |
|
San Antonio Missions batting - Pitching for Springfield Cardinals : RHP Dantae Elizondo
|
|
Batting: LHB Javy Portela
|
0-0: Ball 1-0: Ball 2-0: Swinging Strike 2-1: Ball 3-1: Foul Ball, location: 2F 3-2: Strikes out swinging
|
|
Batting: RHB Kyle Davis
|
0-0: Called Strike 0-1: Called Strike 0-2: Ground out 5-3 (Groundball, 56S, EV 70.0 MPH)
|
|
Batting: LHB Corey Lewis
|
0-0: Called Strike 0-1: Ball 1-1: Ball 2-1: Foul Ball, location: 2F 2-2: SINGLE (Groundball, 3D, EV 98.8 MPH)
|
|
Batting: LHB Alejandro Matos
|
0-0: Ball 1-0: Ground out 4-3 (Groundball, 4, EV 89.4 MPH)
|
| Bottom of the 6th over - 0 runs, 1 hit, 0 errors, 1 left on base; Springfield 0 - San Antonio 2 |
| TOP OF THE 7TH |
|
Springfield Cardinals batting - Pitching for San Antonio Missions : LHP Leonor Bem
|
|
Batting: LHB Chris Raymond
|
0-0: Called Strike 0-1: Ball 1-1: TRIPLE (Groundball, 3L, EV 105.0 MPH)
|
|
Batting: RHB John Parra
|
0-0: Ball 1-0: Ball 2-0: Called Strike 2-1: Ball 3-1: Foul Ball, location: 2F 3-2: Foul Ball, location: 2F 3-2: Foul Ball, location: 2F 3-2: SINGLE (Groundball, 6S, EV 61.3 MPH) (infield hit) Chris Raymond scores
|
|
Batting: SHB Josh Conner
|
0-0: Foul Ball, location: 2F 0-1: Ball 1-1: Foul Ball, location: 2F 1-2: Fly out, F8 (Flyball, 89M, EV 95.0 MPH)
|
|
Pitching: RHP Zack Sharp
|
|
|
Batting: LHB Robert Rauda
|
0-0: Ball 1-0: Called Strike 1-1: Ball 2-1: Foul Ball, location: 2F 2-2: DOUBLE (Groundball, 3L, EV 107.5 MPH) John Parra to third
|
|
Batting: RHB Dave Cluster
|
0-0: Foul Ball, location: 2F 0-1: Ball 1-1: Reached via error on a dropped throw from 1B, E1 (Groundball, 34, EV 99.4 MPH) John Parra scores Robert Rauda to third
|
|
Pinch Hitting: LHB Jesus Ramirez
|
0-0: Ball Dave Cluster steals 2nd base 1-0: DOUBLE (Flyball, 8LXD, EV 93.1 MPH) Robert Rauda scores Dave Cluster scores
|
|
Batting: RHB Josh Lyon
|
0-0: Ball 1-0: SINGLE (Groundball, 34D, EV 100.0 MPH) Jesus Ramirez to third
|
|
Batting: RHB David Fernandez
|
0-0: Ball 1-0: Ball 2-0: Ball 3-0: Base on Balls Josh Lyon to second
|
|
Batting: RHB Jason Keller
|
0-0: Ball 1-0: Foul Ball, location: 2F 1-1: Swinging Strike 1-2: Ball 2-2: Ball 3-2: Strikes out swinging
|
|
Batting: LHB Chris Raymond
|
0-0: SINGLE (Line Drive, 6D, EV 96.3 MPH) Jesus Ramirez scores Josh Lyon to third David Fernandez to second Runner from 3rd tries for Home, SAFE, throw by LF to home
|
|
Pitching: RHP Travis White
|
|
|
Batting: RHB John Parra
|
0-0: Called Strike 0-1: Ball 1-1: Ball 2-1: 3-RUN HOME RUN (Flyball, 78XD, EV 96.9 MPH), Distance : 394 ft
|
|
Batting: SHB Josh Conner
|
0-0: Called Strike 0-1: Foul Ball, location: 2F 0-2: Strikes out looking
|
| Top of the 7th over - 9 runs, 7 hits, 1 error, 0 left on base; Springfield 9 - San Antonio 2 |
| BOTTOM OF THE 7TH |
|
San Antonio Missions batting - Pitching for Springfield Cardinals : RHP Dantae Elizondo
|
|
Now in CF: Yeong-hun Joe
|
|
|
Batting: LHB Josh Slusarczyk
|
0-0: Ground out 6-3 (Groundball, 6MD, EV 95.0 MPH)
|
|
Batting: SHB Ryohei Nakano
|
0-0: Ball 1-0: Ground out 6-3 (Groundball, 6, EV 86.3 MPH)
|
|
Batting: RHB Scott Schwartz
|
0-0: Ball 1-0: Foul Ball, location: 2F 1-1: Foul Ball, location: 2F 1-2: Ball 2-2: Strikes out swinging
|
| Bottom of the 7th over - 0 runs, 0 hits, 0 errors, 0 left on base; Springfield 9 - San Antonio 2 |
| TOP OF THE 8TH |
|
Springfield Cardinals batting - Pitching for San Antonio Missions : RHP Travis White
|
|
Batting: LHB Robert Rauda
|
0-0: Ball 1-0: Foul Ball, location: 2F 1-1: Swinging Strike 1-2: Strikes out looking
|
|
Batting: RHB Dave Cluster
|
0-0: Ball 1-0: Foul Ball, location: 2F 1-1: Foul Ball, location: 2F 1-2: Ball 2-2: Ball 3-2: Base on Balls
|
|
Batting: LHB Yeong-hun Joe
|
0-0: Swinging Strike 0-1: Ball 1-1: Ball 2-1: Swinging Strike 2-2: Strikes out swinging
|
|
Batting: RHB Josh Lyon
|
0-0: Foul Ball, location: 2F 0-1: Foul Ball, location: 2F 0-2: Ball 1-2: Ball 2-2: SINGLE (Groundball, 56D, EV 110.0 MPH) Dave Cluster to second
|
|
Batting: RHB David Fernandez
|
0-0: Called Strike 0-1: Foul Ball, location: 2F 0-2: Foul Ball, location: 2F 0-2: Fielders Choice at 2nd, 6-4 (Groundball, 6, EV 99.4 MPH)
|
| Top of the 8th over - 0 runs, 1 hit, 0 errors, 2 left on base; Springfield 9 - San Antonio 2 |
| BOTTOM OF THE 8TH |
|
San Antonio Missions batting - Pitching for Springfield Cardinals : RHP Dantae Elizondo
|
|
Batting: LHB Ryan Flynn Jr.
|
0-0: Called Strike 0-1: Swinging Strike 0-2: Ground out U3 (Groundball, 34, EV 78.8 MPH)
|
|
Pitching: RHP John Larimore
|
|
|
Batting: LHB Conrad Taylor
|
0-0: Ball 1-0: DOUBLE (Line Drive, 89M, EV 96.9 MPH)
|
|
Batting: LHB Javy Portela
|
0-0: Foul Ball, location: 2F 0-1: Fly out, F7 (Flyball, 7LS, EV 76.9 MPH)
|
|
Batting: RHB Kyle Davis
|
0-0: Called Strike 0-1: Foul Ball, location: 2F 0-2: Ball 1-2: Strikes out looking
|
| Bottom of the 8th over - 0 runs, 1 hit, 0 errors, 1 left on base; Springfield 9 - San Antonio 2 |
| TOP OF THE 9TH |
|
Springfield Cardinals batting - Pitching for San Antonio Missions : RHP Travis White
|
|
Batting: RHB Jason Keller
|
0-0: Called Strike 0-1: Ball 1-1: Swinging Strike 1-2: Ball 2-2: Strikes out swinging
|
|
Batting: LHB Chris Raymond
|
0-0: Ball 1-0: Ball 2-0: Swinging Strike 2-1: Swinging Strike 2-2: Strikes out swinging
|
|
Batting: RHB John Parra
|
0-0: Called Strike 0-1: Reached on error, E9 (Flyball, 9LD, EV 97.5 MPH)
|
|
Batting: SHB Josh Conner
|
0-0: Ball 1-0: Ground out U3 (Groundball, 34, EV 88.8 MPH)
|
| Top of the 9th over - 0 runs, 0 hits, 1 error, 1 left on base; Springfield 9 - San Antonio 2 |
| BOTTOM OF THE 9TH |
|
San Antonio Missions batting - Pitching for Springfield Cardinals : RHP John Larimore
|
|
Batting: LHB Corey Lewis
|
0-0: Ball 1-0: Ball 2-0: Ball 3-0: Called Strike 3-1: Ground out U3 (Groundball, 3L, EV 95.0 MPH)
|
|
Batting: LHB Alejandro Matos
|
0-0: Called Strike 0-1: Ball 1-1: Ball 2-1: Ball 3-1: Foul Ball, location: 2F 3-2: Foul Ball, location: 2F 3-2: Ground out 5-3 (Groundball, 56, EV 96.3 MPH)
|
|
Batting: LHB Josh Slusarczyk
|
0-0: Swinging Strike 0-1: SOLO HOME RUN (Flyball, 9LD, EV 100.6 MPH), Distance : 369 ft
|
|
Batting: SHB Ryohei Nakano
|
0-0: Called Strike 0-1: Called Strike 0-2: Ground out 5-3 (Groundball, 56, EV 105.6 MPH)
|
| Bottom of the 9th over - 1 run, 1 hit, 0 errors, 0 left on base; Springfield 9 - San Antonio 3 |
|